 Dungeon Crawl Stone Soup version 0.29-a0-802-g34511f41fd (webtiles) character file.

Game seed: 6974284403531079958

3 blackman the Charlatan (level 1, 0/15 HPs)
             Began as a Human Artificer on July 3, 2022.
             Slain by a jackal (1 damage)
             ... on level 1 of the Dungeon.
             The game lasted 00:00:45 (61 turns).

blackman the Charlatan (Human Artificer)              Turns: 61, Time: 00:00:46

Health: 0/15       AC:  3    Str: 12    XL:     1   Next: 55%
Magic:  1/1        EV: 11    Int: 11    God:
Gold:   0          SH:  0    Dex: 13    Spells: 0/0 levels left

rFire   . . .      SeeInvis .   a - +0 club
rCold   . . .      Faith    .   (no shield)
rNeg    . . .      Spirit   .   b - +0 leather armour
rPois   .          Reflect  .   (no helmet)
rElec   .          Harm     .   (no cloak)
rCorr   .          Rampage  .   (no gloves)
Will    .....                   (no boots)
Stlth   +.........              (no amulet)
HPRegen 0.05/turn               (no ring)
MPRegen 0.07/turn               (no ring)

@: no status effects
A: no striking features
a: no special abilities


You were on level 1 of the Dungeon.
You visited 1 branch of the dungeon, and saw 1 of its levels.

Inventory:

Hand Weapons
 a - a +0 club (weapon)
Armour
 b - a +0 leather armour (worn)
Wands
 c - a wand of flame (15) (quivered)
 e - a wand of iceblast (9)


   Skills:
 - Level 1.0 Fighting
 - Level 2.0 Armour
 - Level 1.0 Dodging
 - Level 1.0 Stealth
 * Level 3.2 Evocations


You couldn't memorise any spells.
You didn't know any spells.
Your spell library was empty.

Dungeon Overview and Level Annotations

Branches:
Dungeon (1/15)

Altars:


Message History

The jackal closely misses you. x2
You hit the jackal.
You kill the jackal!
The jackal bites you but does no damage.
You hit the jackal but do no damage. The jackal closely misses you.
The jackal bites you.
You hit the jackal but do no damage. The jackal bites you.
You barely miss the jackal.
The jackal bites you but does no damage.
The jackal bites you.
* * * LOW HITPOINT WARNING * * *
You miss the jackal. The jackal bites you.
* * * LOW HITPOINT WARNING * * *
The jackal barely misses you.
Toss (no damage): wand of charming (15)
Press: ? - help, Shift-Dir - straight line, f - jackal
Aim: a jackal You toss away a wand of charming (15).
The wand of charming (15) barely misses the jackal.
The wand of charming (15) misses the jackal.
The wand of charming (15) hits the jackal but does no damage.
The jackal barely misses you. The jackal closely misses you.
Okay, then.
Unknown command.
Unknown command.
There are no items here.
Unknown command.
Press: ? - help, v - describe, . - travel, g - get item
Here: a jackal Item here: a jackal corpse.
The floor.
Unknown command.
Search for what [? for help]? .
There are monsters nearby!
Unknown command.
Hit: a) +0 club
Press: ? - help, Dir - move target, f/p - jackal
Aim: a jackal (about 50% to evade your +0 club)
You closely miss the jackal. The jackal bites you.
You die...

.. ...# .#...####
......... #........
#r:g..... #h.h....(
#. #.#######
....##†.#########...
........rghhh@.......
##...###.###########.
#.. #.#.........#
#######.#...###...#
#.....'...#÷#.<.#
#.....#...###...#
#.....#.........#
.......###########
###......


You could see 3 jackals, a goblin and a rat.

Vanquished Creatures
  A bat (D:1)
  A jackal (D:1)
  A frilled lizard (D:1)
3 creatures vanquished.

Notes
Turn   | Place    | Note
-------+----------+-------------------------------------------
     0 | D:1      | blackman the Human Artificer began the quest for the Orb.
     0 | D:1      | Reached XP level 1. HP: 15/15 MP: 1/1
    61 | D:1      | Slain by a jackal

Illustrated notes

Levels and vault maps discovered:
D:1:      nicolae_arrival_memento_mori, layout_basic,
          dreamdust_ecumenical_altar_drowned_temple

Action                   || total
-------------------------++-------
Melee: Club              ||    20
       Punch             ||     1
Armor: Leather armour    ||     9
Dodge: Dodged            ||    29

Table legend: (Time is in decaauts)
 A = Elapsed time spent in this place.
 B = Non-inter-level travel time spent in this place.
 C = Inter-level travel time spent in this place.
 D = Time resting spent in this place.
 E = Time spent auto-exploring this place.
 F = Levels seen in this place.
 G = Mean time per level.
                   A        B        C        D        E       F      G
               +--------+--------+--------+--------+--------+-----+--------+
         Total |     67 |     65 |      2 |      0 |     23 |   1 |   67.0 |
       Dungeon |     67 |     65 |      2 |      0 |     23 |   1 |   67.0 |
               +--------+--------+--------+--------+--------+-----+--------+

Top non-repeatable levels by time:
     D:1: 67 daAuts
